 Dungeon Crawl Stone Soup version 0.20.1-1-g8b1a95d66d (webtiles) character file.

13 Gargoyl the Skirmisher (level 2, -1/26 HPs)
             Began as a Centaur Abyssal Knight on Dec 21, 2017.
             Was a Follower of Lugonu.
             Slain by a leopard gecko (4 damage)
             ... on level 1 of the Dungeon.
             The game lasted 00:02:19 (604 turns).

Gargoyl the Skirmisher (Centaur Abyssal Knight)      Turns: 604, Time: 00:02:20

Health: -1/26      AC:  7    Str: 14    XL:     2   Next: 24%
Magic:  3/3        EV:  4    Int: 11    God:    Lugonu [*.....]
Gold:   82         SH:  0    Dex: 11    Spells: 1/1 levels left

rFire    . . .     SeeInvis .   f - +1 battleaxe "Spider's Death" {freeze, rC+ Dex+3}
rCold    + . .     Gourm    .   (shield currently unavailable)
rNeg     . . .     Faith    .   e - +0 chain mail
rPois    .         Spirit   .   (no helmet)
rElec    .         Reflect  .   (no cloak)
rCorr    .         Harm     .   (no gloves)
MR       .....                  (no barding)
Stlth    ..........             (no amulet)
Regen    0.1/turn               (no ring)
MPRegen  0.1/turn               (no ring)

@: very quick
A: hooves 3, deformed body, speed 2, tough skin 3
a: Depart the Abyss, Renounce Religion


You were on level 1 of the Dungeon.
You worshipped Lugonu.
Lugonu was aware of your devotion.
You were not hungry.

You visited 1 branch of the dungeon, and saw 1 of its levels.
You visited the Abyss 1 time.

You collected 82 gold pieces.

Inventory:

Hand Weapons
 a - a +1 hand axe
 f - the +1 battleaxe "Spider's Death" (weapon) {freeze, rC+ Dex+3}
   (You found it on level 4 of the Abyss)

   It has been specially enchanted to freeze those struck by it, causing extra
   injury to most foes and up to half again as much damage against particularly
   susceptible opponents.
   It can also slow down cold-blooded creatures.
   It affects your dexterity (+3).
   It protects you from cold.
Armour
 b - a +0 leather armour
 e - a +0 chain mail (worn)
Scrolls
 i - a scroll of remove curse {unknown}
 j - a scroll of enchant armour {unknown}
Comestibles
 c - 3 bread rations
 d - 4 fruits
 g - a chunk of flesh


   Skills:
 + Level 3.2 Fighting
 + Level 2.2 Axes
 * Level 1.5 Armour
 + Level 0.6 Dodging
 * Level 2.0 Invocations


You had one spell level left.
You didn't know any spells.

Dungeon Overview and Level Annotations

Branches:
Dungeon (1/15)

Altars:


Innate Abilities, Weirdness & Mutations

You have hooves in place of feet.
Armour fits poorly on your strangely shaped body.
You cover ground very quickly.
You have extremely tough skin. (AC +3)


Message History

The leopard gecko is moderately wounded.
The leopard gecko bites you but does no damage. x2
You miss the leopard gecko. Your kick misses the leopard gecko.
The leopard gecko is moderately wounded.
The leopard gecko bites you but does no damage. x2
Your chain mail prevents you from hitting the leopard gecko.
Your kick misses the leopard gecko.
The leopard gecko is moderately wounded.
The leopard gecko completely misses you.
The leopard gecko bites you.
* * * LOW HITPOINT WARNING * * *
A bat comes into view.
The bat hits you but does no damage. The bat hits you but does no damage.
Your chain mail prevents you from hitting the bat.
Your kick misses the bat. The bat barely misses you.
The bat hits you but does no damage.
You closely miss the bat. You barely miss the leopard gecko.
The bat hits you but does no damage. The leopard gecko bites you.
You die...

#.# ######.####.#..# #.#
#.......#......# #.#
#.#####.)P(..P.# ##.#
#........# ...# ##...<...###
#### #. #........... # #.
#.P...P.#### #.#. ##...b.##
#.#.## ##@.### ....# #l##
###..# ##.# #....######..#
#...........##
####..###.###### ###########
##.....# #..# #.........#
...##..###..########.#######.#
##.##.......#..l.....# #.#


You could see a leopard gecko and a bat.

Vanquished Creatures
  An ooze (D:1)
  A bat (D:1)
  A goblin (D:1)
  2 hobgoblins (D:1)
  A kobold (D:1)
  A ball python (D:1)
  A rat (D:1)
8 creatures vanquished.

Notes
Turn   | Place    | Note
-------+----------+-------------------------------------------
     0 | Abyss:1  | Gargoyl the Centaur Abyssal Knight began the quest for the Orb.
     0 | Abyss:1  | Reached XP level 1. HP: 19/19 MP: 2/2
    34 | Abyss:1  | Noticed a smoke demon
    47 | Abyss:1  | Noticed a rakshasa
   159 | Abyss:3  | Noticed a small abomination
   173 | Abyss:4  | Found a corrupted altar of Lugonu.
   178 | Abyss:4  | Got a brightly glowing battleaxe
   179 | Abyss:4  | Identified the +1 battleaxe "Spider's Death" {freeze, rC+ Dex+3} (You found it on level 4 of the Abyss)
   198 | Abyss:4  | Noticed a wizard
   198 | D:1      | Escaped the Abyss
   285 | D:1      | Reached * piety under Lugonu
   470 | D:1      | Reached XP level 2. HP: 21/26 MP: 3/3
   604 | D:1      | Slain by a leopard gecko

Skill      XL: |  1 |
---------------+----+-----
Axes           | 2 |  2.2
Fighting       | |  3.2
Armour         | |  1.5
Dodging        | |  0.6
Invocations    | |  2.0

Action                   || total
-------------------------++-------
Melee: Battleaxe         ||    36
       Kick              ||     5
Invok: Depart the Abyss  ||     1
  Use: Scroll            ||     1
       Potion            ||     1
Armor: Chain mail        ||    30
Dodge: Dodged            ||    12
